 Dungeon Crawl Stone Soup version 0.30.0-17-ge0270778cf (webtiles) character file.

Game seed: 6726234073404907302

26 fleet the Grasshopper (level 3, 0/33 HPs)
             Began as a Naga Warper on May 21, 2023.
             Slain by Terence
             ... wielding a +0 hand axe
              (3 damage)
             ... on level 2 of the Dungeon.
             The game lasted 00:02:35 (968 turns).

fleet the Grasshopper (Naga Warper)                  Turns: 968, Time: 00:02:35

Health: 0/33       AC:  2    Str: 15    XL:     3   Next: 8%
Magic:  6/6        EV:  9    Int: 13    God:
Gold:   62         SH:  0    Dex: 10    Spells: 6/6 levels left

rFire   . . .        a - +0 spear
rCold   . . .        (no shield)
rNeg    . . .        b - +0 leather armour
rPois   +            (no helmet)
rElec   .            (no cloak)
rCorr   .            (no gloves)
SInv    +            (no barding)
Will    .....        (no amulet)
Stlth   +            (no ring)
HPRegen 0.25/turn    (no ring)
MPRegen 0.10/turn

%: no passive effects
@: very slow
A: AC +1, large, see invisible, deformed body, poison resistance, slowness 2,
spit poison 1, naga tail 1
a: Spit Poison


You were on level 2 of the Dungeon.
You visited 1 branch of the dungeon, and saw 2 of its levels.

You collected 62 gold pieces.

Inventory:

Hand Weapons
 a - a +0 spear (weapon)
Missiles
 d - 7 boomerangs of dispersal (quivered)
Armour
 b - a +0 leather armour (worn)
Jewellery
 f - a ring of fire
Scrolls
 c - a scroll of blinking
 g - a scroll of teleportation {unknown}
 h - 2 scrolls of immolation {unknown}
Potions
 e - a potion of haste {unknown}
 i - a potion of flight {unknown}
 j - a potion of ambrosia {unknown}


   Skills:
 + Level 2.8 Fighting
 + Level 2.8 Polearms
 - Level 0.8 Throwing
 - Level 0.7 Armour
 - Level 1.5 Dodging
 - Level 2.0 Spellcasting
 - Level 3.0 Translocations


You had 6 spell levels left.
You didn't know any spells.
Your spell library contained the following spells:

 Spells                   Type           Power      Damage    Failure   Level
 Blink                    Tloc           18%        N/A       14%         2
 Lesser Beckoning         Tloc           18%        N/A       14%         2
 Teleport Other           Tloc           9%         N/A       26%         3
 Vhi's Electric Charge    Tloc/Air       10%        N/A       45%         3
 Manifold Assault         Tloc           9%         N/A       65%         4


Dungeon Overview and Level Annotations

Branches:
Dungeon (2/15)

Altars:

Annotations:
D:2 Terence


Innate Abilities, Weirdness & Mutations

Your serpentine skin is tough. (AC +1)
You have supernaturally acute eyesight. (SInv)
Armour fits poorly on your strangely shaped body.
Your system is resistant to poisons. (rPois)
You cover ground very slowly.
You can spit poison.
You have a snake-like lower body.


Message History

Aim: Terence, wielding a +0 hand axe and wearing a +0 chain mail (70% to hit)
The splash of poison hits Terence.
Terence is poisoned.
Terence is moderately wounded.
You have got your breath back.
Aiming: Spit Poison (2% risk of failure)
Press: ? - help, Shift-Dir - straight line, f/p - Terence
Aim: Terence, wielding a +0 hand axe and wearing a +0 chain mail (heavily wounded, 70% to hit)
The splash of poison hits Terence but does no damage.
Terence is heavily wounded.
You barely miss Terence.
Terence is heavily wounded.
Terence closely misses you.
You hit Terence.
Terence is severely wounded.
Terence hits you with a +0 hand axe!
You hit Terence.
Terence is severely wounded.
You have got your breath back.
Terence hits you with a +0 hand axe.
You closely miss Terence.
Terence is severely wounded.
Terence hits you with a +0 hand axe!
Aiming: Spit Poison (2% risk of failure)
Press: ? - help, Shift-Dir - straight line, f/p - Terence
Aim: Terence, wielding a +0 hand axe and wearing a +0 chain mail (severely wounded, 70% to hit)
The splash of poison hits Terence.
Terence is almost dead.
Terence hits you with a +0 hand axe!
* * * LOW HITPOINT WARNING * * *
You barely miss Terence.
Terence is almost dead.
Terence hits you with a +0 hand axe.
* * * LOW HITPOINT WARNING * * *
You barely miss Terence.
Terence is almost dead.
You hit Terence but do no damage. You punch Terence, but do no damage.
Terence is almost dead.
You have got your breath back.
Terence hits you with a +0 hand axe.
You die...

.. .# .. .# .#
#####.#.#.##
#...........
#.#######.##.)......
#.....@@.<##....#.##
#.#######.#####.#
#... .# .#.## # # #.
##


You could see Terence.

Vanquished Creatures
  2 endoplasms (D:1)
  2 giant cockroaches (D:1)
  2 goblins (D:1)
  2 hobgoblins (D:1)
  4 jackals (D:1)
  3 ball pythons (D:1)
  2 bats (D:1)
  2 frilled lizards (D:1)
  A kobold (D:1)
  4 rats (D:1)
24 creatures vanquished.

Notes
Turn   | Place    | Note
-------+----------+-------------------------------------------
     0 | D:1      | fleet the Naga Warper began the quest for the Orb.
     0 | D:1      | Reached XP level 1. HP: 19/19 MP: 3/3
     9 | D:1      | Noticed a minotaur skeleton
   276 | D:1      | Reached XP level 2. HP: 26/27 MP: 5/5
   590 | D:1      | Reached XP level 3. HP: 33/33 MP: 6/6
   952 | D:2      | Noticed Terence
   968 | D:2      | Slain by Terence

Illustrated notes

Levels and vault maps discovered:
D:1:      shiori_arrival_whats_in_store_for_you, layout_loops_cross,
          wander_ebering_terrifying_dragon_lair
D:2:      layout_loops_ring, chequers_serial_rivers_large_a, uniq_sigmund,
          uniq_robin, uniq_terence

Action                     || total
---------------------------++-------
  Melee: Spear             ||    71
         Punch             ||     1
Ability: Spit Poison       ||    11
 Armour: Leather armour    ||     9
  Dodge: Dodged            ||    31
